 Dungeon Crawl Stone Soup version 0.28-a0-1339-ga5422284a4 (webtiles) character file.

Game seed: 5803829181926411372

2170 browni3141 the Carver (level 9, -2/67 HPs)
             Began as a Palentonga Berserker on Dec 28, 2021.
             Was a Priest of Trog.
             Slain by a hound (8 damage)
             ... on level 6 of the Dungeon.
             The game lasted 00:07:52 (5867 turns).

browni3141 the Carver (Palentonga Berserker)        Turns: 5867, Time: 00:07:53

Health: -2/67      AC: 13    Str: 24    XL:     9   Next: 11%
Magic:  9/9        EV: 12    Int:  5    God:    Trog [***...]
Gold:   326        SH:  0    Dex: 11    Spells: 8/8 levels left

rFire   x . .      SeeInvis +   a - +0 scimitar
rCold   + . .      Faith    .   k - orb {mayhem}
rNeg    + . .      Spirit   .   h - +0 scale mail
rPois   .          Reflect  .   (no helmet)
rElec   .          Harm     .   (no cloak)
rCorr   .          Rampage  .   (no gloves)
Will    ++...                   (no barding)
Stlth   ..........              (no amulet)
HPRegen 1.21/turn               c - +4 ring of evasion
MPRegen 0.11/turn               C - ring "Niag" {Ice rN+ Int-2 Slay+3}

@: strong-willed, on berserk cooldown, regenerating, slowed, curled up, very
slow
A: large, rugged brown scales 3, see invisible, deformed body, roll 1, armoured
tail, reflexive curl
a: Rolling Charge, Renounce Religion, Berserk, Trog's Hand


You were on level 6 of the Dungeon.
You worshipped Trog.
Trog was most pleased with you.
You visited 1 branch of the dungeon, and saw 6 of its levels.
You also visited: Ossuary.

You collected 326 gold pieces.

Inventory:

Hand Weapons
 a - a +0 scimitar (weapon)
 b - a +0 short sword of venom
 u - a +0 falchion
Missiles
 n - 9 poisoned darts
Armour
 f - a +0 animal skin
 g - a +0 ring mail
 h - a +0 scale mail (worn)
 k - an orb of mayhem (worn)
Jewellery
 c - a +4 ring of evasion (left hand)
 x - a +6 ring of dexterity
 C - the ring "Niag" (right hand) {Ice rN+ Int-2 Slay+3}
   (You found it in an ossuary)

   [ring of ice]

   It enhances your ice magic.
   Int:       It affects your intelligence (-2).
   Slay:      It affects your accuracy & damage with ranged weapons and melee
   (+3).
   rF:        It makes you vulnerable to fire.
   rC:        It protects you from cold.
   rN:        It protects you from negative energy.
 D - a ring of magical power
 F - a +6 ring of intelligence
 G - a +6 ring of strength
Scrolls
 e - 6 scrolls of amnesia
 i - a scroll of enchant armour {unknown}
 l - a scroll of acquirement {unknown}
 o - 2 scrolls of torment {unknown}
 p - 4 scrolls of identify {unknown}
 r - 2 scrolls of magic mapping {unknown}
 s - 2 scrolls of fog
 t - 2 scrolls of teleportation {unknown}
 y - a scroll of holy word {unknown}
 E - a scroll of blinking {unknown}
Potions
 d - 4 potions of curing {unknown}
 j - 3 potions of attraction {unknown}
 m - 2 potions of ambrosia {unknown}
 q - a potion of cancellation {unknown}
 v - 4 potions of haste {unknown}
 w - a potion of lignification {unknown}
 z - a potion of brilliance {unknown}
 A - 2 potions of flight {unknown}
 B - a potion of heal wounds {unknown}


   Skills:
 - Level 3.0 Fighting
 * Level 12.4 Long Blades
 - Level 1.5 Armour
 - Level 1.5 Dodging


You had 8 spell levels left.
You didn't know any spells.
Your spell library contained the following spells:

 Spells                   Type           Power      Damage    Failure   Level
 Foxfire                  Conj/Fire      0%         2x1d4     80%         1
 Conjure Flame            Conj/Fire      0%         6-21      99%         3
 Inner Flame              Hex/Fire       0%         N/A       99%         3
 Flame Wave               Conj/Fire      0%         2d4       100%        4


Dungeon Overview and Level Annotations

Branches:
Dungeon (6/15)            Ossuary (visited)
 Temple: D:4-7

Altars:
Ashenzari
Dithmenos
Nemelex Xobeh
Xom
Yredelemnul
The Shining One
Beogh

Annotations:
D:4 3 runed translucent doors, porpoise's ghost, amateur DECj


Innate Abilities, Weirdness & Mutations

You are completely covered in rugged brown scales. (AC +3, +7% HP)
You have supernaturally acute eyesight. (SInv)
Armour fits poorly on your strangely shaped body.
You can roll at nearby foes to attack.
You have a long armoured tail.
You curl defensively after being hit. (AC +7*)


Message History

You feel sick. Dowan closely misses you.
You closely miss Dowan. You tail-slap Dowan.
You kill Dowan!
Trog accepts your kill.
Trog appreciates your killing of a magic user.
You are no longer berserk.
You are exhausted.
You feel yourself slow down.
You feel sick.
You feel sick.
A hound comes into view.
Things that are here:
a +0 dagger; a +2 robe of resistance; a wand of flame (14)
You hit the adder but do no damage.
You feel sick. The adder bites you but does no damage.
You miss the adder.
Your tail-slap misses the adder.
You feel sick. The adder barely misses you.
The adder bites you but does no damage.
You barely miss the adder.
You feel sick. The adder barely misses you.
You closely miss the adder. You tail-slap the adder.
The adder is lightly wounded.
You feel sick.
You are no longer poisoned.
The adder misses you. The hound bites you but does no damage.
The adder bites you.
You closely miss the adder. You tail-slap the adder!
You kill the adder!
Trog accepts your kill.
The hound flies into a frenzy!
The hound bites you.
* * * LOW HITPOINT WARNING * * *
The hound bites you.
* * * LOW HITPOINT WARNING * * *
The hound bites you.
* * * LOW HITPOINT WARNING * * *
Unknown command.
Okay, then.
Your skin crawls.
You feel strong-willed. The hound bites you.
* * * LOW HITPOINT WARNING * * *
The hound bites you!
You die...

..... .... #... ##.. #...
#.$# ##h†# #..@# ..#
#.#.# ..# .# #.#)# ..# #.
.. #### #.#<##..# #. ..
.....#.....#.## #.# ##.#
..............# #..##..#
..............#####..#...
.................###.....
.............###.#.....##


You could see a neutral hound (fast, strong, insane).

Vanquished Creatures
  A shadow (D:6)
  A steam dragon (D:4)
  Duvessa (D:6)
  A water moccasin (D:4)
  A necrophage (D:6)
  2 ogres
  A scorpion (D:5)
  A wyvern zombie (Ossuary)
  2 water moccasin zombies (Ossuary)
  Dowan (D:6)
  3 wights (D:5)
  A howler monkey (D:6)
  4 bullfrog zombies (Ossuary)
  7 centaur zombies (Ossuary)
  2 hounds
  A jelly (D:5)
  A bullfrog skeleton (D:4)
  10 mummies (Ossuary)
  An orc wizard (D:6)
  Terence (D:2)
  3 killer bee zombies (Ossuary)
  A howler monkey zombie (Ossuary)
  6 adders
  A howler monkey skeleton (D:5)
  2 dart slugs (D:1)
  2 orcs (D:6)
  5 bats
  7 endoplasms
  7 goblins
  8 hobgoblins
  4 jackals (D:1)
  9 kobolds
  4 quokkas
  8 ball pythons
  3 frilled lizards
  3 rats
116 creatures vanquished.

Vanquished Creatures (collateral kills)
  2 mummies (Ossuary)
  A howler monkey zombie (D:4)
  An adder (D:4)
  An orc (D:6)
5 creatures vanquished.

Vanquished Creatures (others)
  2 goblins (D:3)
  6 withered plants (Ossuary)
8 creatures vanquished.

Grand Total: 129 creatures vanquished

Notes
Turn   | Place    | Note
-------+----------+-------------------------------------------
     0 | D:1      | browni3141 the Palentonga Berserker began the quest for the
                  | Orb.
     0 | D:1      | Reached XP level 1. HP: 19/19 MP: 1/1
   171 | D:1      | Reached XP level 2. HP: 25/25 MP: 2/2
   421 | D:1      | Reached skill level 4 in Long Blades
   593 | D:1      | Reached XP level 3. HP: 29/31 MP: 3/3
  1190 | D:2      | Found a sparkling altar of Nemelex Xobeh.
  1241 | D:2      | Found a faded altar of an unknown god.
  1246 | D:2      | Noticed Terence
  1260 | D:2      | Killed Terence
  1702 | D:2      | Reached XP level 4. HP: 37/37 MP: 4/4
  1703 | D:2      | Reached ** piety under Trog
  1950 | D:3      | Reached skill level 5 in Long Blades
  2308 | D:3      | Noticed an ogre
  2349 | D:3      | Killed an ogre
  2350 | D:3      | Reached skill level 6 in Long Blades
  2350 | D:3      | Reached XP level 5. HP: 18/43 MP: 5/5
  3103 | D:4      | Noticed a steam dragon
  3112 | D:4      | Killed a steam dragon
  3113 | D:4      | Reached skill level 7 in Long Blades
  3113 | D:4      | Reached XP level 6. HP: 50/50 MP: 6/6
  3144 | D:4      | Noticed a water moccasin
  3158 | D:4      | Killed a water moccasin
  3159 | D:4      | Reached skill level 8 in Long Blades
  3658 | D:4      | Found a runed translucent gate.
  3659 | D:4      | Found a runed translucent gate.
  3659 | D:4      | Identified the +1 whip of Ugegafing {vorpal, Contam rCorr
                  | Str+7}
  3659 | D:4      | Identified the +0 ring mail of Pocohaph {Dex+5}
  3659 | D:4      | Noticed porpoise's ghost (amateur DECj)
  3665 | D:4      | Found a runed translucent gate.
  3772 | D:5      | Entered Level 5 of the Dungeon
  3934 | D:5      | Gained mutation: You curl defensively after being hit. (AC
                  | +7*) [Palentonga growth]
  3934 | D:5      | Reached XP level 7. HP: 54/55 MP: 7/7
  4015 | D:5      | Found a sand-covered staircase.
  4021 | Ossuary  | Entered an ossuary
  4242 | Ossuary  | Reached skill level 9 in Long Blades
  4298 | Ossuary  | Reached *** piety under Trog
  4299 | Ossuary  | Reached XP level 8. HP: 39/62 MP: 8/8
  4387 | Ossuary  | Reached skill level 10 in Long Blades
  4658 | Ossuary  | Identified the ring "Niag" {Ice rN+ Int-2 Slay+3}
  4829 | D:5      | Found a glowing golden altar of the Shining One.
  4836 | D:5      | Reached skill level 11 in Long Blades
  4932 | D:5      | Found a broken altar of Ashenzari.
  4935 | D:5      | Found a shadowy altar of Dithmenos.
  4938 | D:5      | Found a basalt altar of Yredelemnul.
  4973 | D:5      | Found a shimmering altar of Xom.
  5570 | D:6      | Reached skill level 12 in Long Blades
  5713 | D:6      | Reached XP level 9. HP: 65/67 MP: 9/9
  5845 | D:6      | Noticed Duvessa
  5848 | D:6      | Noticed Dowan
  5851 | D:6      | Killed Duvessa
  5860 | D:6      | Killed Dowan
  5867 | D:6      | Slain by a hound

Illustrated notes

Levels and vault maps discovered:
D:1:      dpeg_arrival_round_b, layout_loops_ring, st_stairs_2,
          minmay_pentomino_t2
D:2:      layout_loops_ring, basic_altar, hellmonk_ecumenical_altar_zigzags,
          uniq_terence
D:3:      layout_loops_ring, minmay_ogre_servants
D:4:      layout_rooms, biasface_ghost_orc_armoury
D:5:      layout_gridville, kennysheep_little_box,
          grunt_temple_overflow_cloverleaf, enter_ossuary_3
D:6:      layout_rooms, uniq_duvessa

Skill      XL: |  1  2  3  4  5  6  7  8 |
---------------+-------------------------+-----
Long Blades    | 4 6 7 8 9 12 | 12.4
Fighting       | |  3.0
Armour         | |  1.5
Dodging        | |  1.5

Action                   |  1- 3 |  4- 6 |  7- 9 || total
-------------------------+-------+-------+-------++-------
Melee: Falchion          |    47 |    33 |   137 ||   217
       Tailslap          |    10 |    12 |    42 ||    64
       Short sword       |    46 |    61 |       ||   107
       Scimitar          |       |       |    55 ||    55
Throw: Dart              |       |     2 |       ||     2
Invok: Berserk           |       |     1 |     4 ||     5
       Trog's Hand       |       |       |     1 ||     1
 Abil: Rolling Charge    |    20 |    19 |    20 ||    59
  Use: Scroll            |       |       |     2 ||     2
Armor: Animal skin       |    15 |       |       ||    15
       Scale mail        |     8 |    26 |    54 ||    88
Dodge: Dodged            |    47 |    41 |    84 ||   172

Table legend: (Time is in decaauts)
 A = Elapsed time spent in this place.
 B = Non-inter-level travel time spent in this place.
 C = Inter-level travel time spent in this place.
 D = Time resting spent in this place.
 E = Time spent auto-exploring this place.
 F = Levels seen in this place.
 G = Mean time per level.
                   A        B        C        D        E       F      G
               +--------+--------+--------+--------+--------+-----+--------+
         Total |   5882 |   5566 |    316 |    929 |   3739 |   7 |  840.3 |
       Dungeon |   5144 |   4828 |    316 |    626 |   3499 |   6 |  857.3 |
       Ossuary |    737 |    737 |      0 |    303 |    240 |   1 |  737.0 |
               +--------+--------+--------+--------+--------+-----+--------+

Top non-repeatable levels by time:
     D:2: 1227 daAuts
     D:1: 970 daAuts
     D:5: 951 daAuts
     D:4: 812 daAuts
     D:3: 769 daAuts
 Ossuary: 737 daAuts
     D:6: 413 daAuts
